Map: Blackpink LE

Players

ShoWTimE - Winner!

  • Race: Protoss Protoss
  • Spawn Location: 7:00

Has

  • Race: Protoss Protoss
  • Spawn Location: 1:00

Event: WESG 2017 Haikou

VOD

Have the link to the VOD?

Description

Time

  • Played on: March 13, 2018, 5:21 a.m.
  • Length: 6:56

All games in this series

Show
View Real Time Build Order
Export as new Build Order

ShoWTimE Protoss - Winner!

Build Orders: Oracle Opening 

Get SALT Encoding   

  12  0:00  Probe  
  13  0:12  Probe  
  14  0:17  Pylon  
  14  0:24  Probe (Chrono Boost)  
  15  0:37  Probe (Chrono Boost)  
  15  0:40  Gateway  
  16  0:45  Probe (Chrono Boost)  
  16  0:47  Assimilator  
  17  0:51  Probe  
  17  0:56  Assimilator  
  18  1:03  Probe (Chrono Boost)  
  19  1:14  Gateway  
  19  1:15  Probe (Chrono Boost)  
  20  1:20  Probe (Chrono Boost)  
  21  1:27  Zealot  
  21  1:29  Cybernetics Core  
  23  1:40  Pylon  
  23  2:03  Stalker (Chrono Boost)  
  23  2:35  Gateway  
  23  2:41  Stargate  
  23  3:05  Pylon  
  23  3:06  Probe  
  23  3:22  Oracle (Chrono Boost)  
  23  3:23  Probe  
  27  3:28  Cybernetics Core  
  27  3:35  Probe  
  29  3:50  Gateway  
  29  3:53  Pylon  
  29  3:54  Oracle (Chrono Boost)  
  31  4:14  Probe  
  31  4:15  Warp Gate (Chrono Boost)  
  32  4:23  Oracle (Chrono Boost)  
  32  4:26  Probe  
  36  4:38  Nexus  
  36  4:45  Pylon  
  36  4:47  Probe  
  37  4:59  Probe  
  38  5:05  Stalker  
  38  5:06  Stalker  
  43  5:14  Probe  
  43  5:17  Shield Battery  
  43  5:26  Shield Battery  
  43  5:27  Probe  
  44  5:39  Probe  
  39  5:47  Phoenix (Chrono Boost)  
  39  5:49  Probe  
  39  5:51  Probe  
  39  5:54  Pylon  
  40  5:58  Gateway  
  40  6:01  Probe  
  41  6:07  Phoenix (Chrono Boost)  
  43  6:11  Sentry x2  
  43  6:13  Probe  
  43  6:16  Probe  
  49  6:25  Probe  
  50  6:28  Phoenix (Chrono Boost)  
  53  6:34  Robotics Facility  
  50  6:42  Stalker  
  52  6:51  Stalker  
Show
View Real Time Build Order
Export as new Build Order

Has Protoss 

Build Orders: Cannon Rush 

Get SALT Encoding   

  12  0:00  Probe  
  13  0:13  Probe  
  14  0:17  Pylon  
  14  0:25  Probe (Chrono Boost)  
  16  0:37  Probe (Chrono Boost)  
  16  0:39  Forge  
  16  0:43  Probe (Chrono Boost)  
  17  0:51  Probe (Chrono Boost)  
  18  1:03  Probe (Chrono Boost)  
  19  1:11  Probe (Chrono Boost)  
  20  1:23  Pylon  
  20  1:24  Pylon  
  20  1:25  Pylon  
  20  1:41  Photon Cannon  
  20  1:42  Pylon  
  20  1:44  Pylon  
  20  1:45  Photon Cannon  
  20  1:54  Photon Cannon  
  20  2:02  Photon Cannon  
  20  2:08  Photon Cannon  
  20  2:13  Probe  
  19  2:25  Probe (Chrono Boost)  
  19  2:28  Gateway  
  21  2:37  Probe (Chrono Boost)  
  21  2:43  Pylon  
  21  2:45  Photon Cannon  
  21  2:46  Photon Cannon  
  21  2:47  Probe (Chrono Boost)  
  21  2:48  Photon Cannon  
  22  2:58  Probe  
  22  3:01  Assimilator  
  22  3:03  Assimilator  
  22  3:10  Probe  
  23  3:14  Pylon  
  23  3:17  Cybernetics Core  
  23  3:22  Probe  
  24  3:33  Nexus  
  24  3:34  Probe  
  25  3:49  Pylon  
  25  3:53  Stalker (Chrono Boost), Shield Battery  
  25  3:59  Warp Gate  
  26  4:03  Probe  
  27  4:13  Stargate  
  27  4:15  Probe  
  28  4:22  Stalker  
  30  4:27  Probe  
  30  4:39  Probe  
  30  4:45  Gateway  
  31  4:51  Probe x2  
  32  4:56  Phoenix (Chrono Boost)  
  31  5:12  Gateway  
  29  5:16  Stalker  
  31  5:29  Probe x2  
  28  5:41  Probe  
  28  5:42  Probe  
  23  5:55  Pylon  
  23  6:15  Stalker x2  
  23  6:17  Stalker  
  29  6:32  Stalker  
  31  6:45  Stalker  
Tags
 
Add a new tag
Caveats
  • Supply blocks, unpowered buildings, or Contaminate may cause inaccurate times.
  • Supply counts are checked every 10 seconds.